 Dungeon Crawl Stone Soup version 0.23.0-33-g5e6c059 (webtiles) character file.

Game seed: 0

8013 Fang the Fighter (level 11, -4/108 HPs)
             Began as a Gargoyle Berserker on Feb 26, 2019.
             Was a High Priest of Trog.
             Slain by an orc warrior
             ... wielding a +0 glaive
              (7 damage)
             ... on level 11 of the Dungeon.
             The game lasted 00:12:35 (8128 turns).

Fang the Fighter (Gargoyle Berserker)               Turns: 8128, Time: 00:12:36

Health: -4/108     AC: 29    Str: 26    XL:     11   Next: 24%
Magic:  11/11      EV:  2    Int:  8    God:    Trog [*****.]
Gold:   491        SH:  0    Dex:  9    Spells: 10/10 levels left

rFire    . . .     SeeInvis .   t - +2 war axe (flame)
rCold    . . .     Gourm    .   (no shield)
rNeg     + + +     Faith    .   (armour currently unavailable)
rPois    ∞         Spirit   .   (helmet currently unavailable)
rElec    .         Reflect  .   (cloak currently unavailable)
rCorr    .         Harm     .   (gloves currently unavailable)
MR       .....     NoTele   +   (boots currently unavailable)
Stlth    +.........             (no amulet)
HPRegen  0.28/turn              e - +4 ring of protection
MPRegen  0.12/turn              k - +2 ring of strength

@: tree-form (expiring), berserk cooldown, slowed, very slow
A: negative energy resistance 1, petrification resistance, rot immunity, AC +8
a: Berserk, Trog's Hand, Brothers in Arms, Renounce Religion


You were on level 11 of the Dungeon.
You worshipped Trog.
Trog was extremely pleased with you.
You were near starving.
You were a tree.
You visited 2 branches of the dungeon, and saw 12 of its levels.

You collected 491 gold pieces.

Inventory:

Hand Weapons
 a - a +2 hand axe of electrocution
 t - a +2 war axe of flaming (weapon)
Armour
 s - a +3 plate armour (melded)
 u - a +2 pair of boots (melded)
Jewellery
 e - a +4 ring of protection (left branch)
 k - a +2 ring of strength (right branch)
 r - an uncursed ring of positive energy
 v - an uncursed amulet of magic regeneration
 y - an uncursed ring of protection from magic
Wands
 o - a wand of random effects (13)
 w - a wand of flame (20)
 B - a wand of acid (32)
 G - a wand of scattershot (4)
Scrolls
 h - 5 scrolls of remove curse
 i - a scroll of fog
 m - 4 scrolls of teleportation
 F - a scroll of magic mapping
Potions
 d - 5 potions of brilliance
 f - a potion of heal wounds
 g - 2 potions of might
 j - a potion of magic {unknown}
 l - 2 potions of cancellation
 n - a potion of berserk rage
 p - 2 potions of resistance {unknown}
 q - a potion of lignification
 x - 2 potions of flight
 z - 4 potions of curing {unknown}
 C - a potion of agility {unknown}
Comestibles
 c - 17 rations


   Skills:
 + Level 10.0 Fighting
 + Level 8.3 Axes
 + Level 9.6 Armour
 + Level 7.3 Dodging


You had 10 spell levels left.
You didn't know any spells.
Your spell library was empty.

Dungeon Overview and Level Annotations

Branches:
Dungeon (11/15)            Temple (1/1) D:4
   Lair: D:8-11         Orc: D:9-12

Altars:
Zin
The Shining One

Annotations:
D:8 2 transporters, frimble's ghost, novice GrEE


Innate Abilities, Weirdness & Mutations

You are resistant to torment.
((Your stone body is resilient. (AC +8)))
You are immune to poison.
You resist negative energy. (rN+)
((You are resistant to electric shocks. (rElec)))
((You can survive without breathing.))
You are immune to petrification.
You are immune to rotting.


Message History

The orc warrior hits you from afar with a +0 glaive!
* * * LOW HITPOINT WARNING * * *
The orc warrior hits you but does no damage.
The orc warrior hits you from afar with a +0 glaive!
* * * LOW HITPOINT WARNING * * *
The orc warrior hits you but does no damage.
The orc warrior barely misses you.
Your transformation is almost over.
The orc warrior hits you from afar with a +0 glaive!
* * * LOW HITPOINT WARNING * * *
You swing at nothing.
The orc warrior hits you from afar with a +0 glaive.
* * * LOW HITPOINT WARNING * * *
The orc warrior hits you but does no damage.
The orc warrior hits you but does no damage.
You swing at nothing.
The orc warrior hits you but does no damage.
You swing at nothing.
The orc warrior hits you from afar with a +0 glaive!
You die...

#......## .## ##.
........## #.#####..
........### #.......#
..........##
##.......#
#........####..#####..
#.....)...#.....## #..
#...†()(....#....####.
#...))..(.####....###.
#..o.♣...## ##.......
#..#.....# #.....##
#..###?...# #..>.##
.... ##...# #....#
#.... .....# ##....#
#.... ...##..###.....#
.?## .. ..........###
.# .. ............
≈≈≈≈≈≈≈≈≈≈≈≈


You could see an orc warrior.

Vanquished Creatures
  A two-headed ogre (D:9)
  An unseen horror (D:10)
  2 deep elf magi
  A manticore (D:11)
  A hippogriff (D:9)
  A vampire (D:11)
  A wyvern (D:9)
  3 yaks (D:9)
  The ghost of Arex the Skirmisher, an amateur DrMo of Ru (D:3)
  2 hungry ghosts
  A water moccasin (D:10)
  A black bear (D:9)
  3 ice beasts
  3 orc warriors
  2 sky beasts
  A necrophage (D:9)
  2 phantoms
  3 ogres
  4 centaurs
  A bullfrog (D:6)
  A wyvern zombie (D:7)
  4 big kobolds
  A water moccasin zombie (D:7)
  A wyvern skeleton (D:9)
  6 scorpions
  A water moccasin skeleton (D:7)
  A howler monkey (D:6)
  An electric eel (D:11)
  5 crimson imps
  A quasit (D:8)
  7 hounds
  2 jellies
  2 centaur skeletons
  5 orc priests
  9 orc wizards
  4 iguanas
  7 worker ants
  A hound skeleton (D:8)
  A howler monkey zombie (D:7)
  A worker ant zombie (D:5)
  Robin (D:2)
  18 adders
  3 gnolls (D:2)
  3 oozes
  3 adder skeletons
  An adder zombie (D:6)
  3 worms
  2 dart slugs
  4 leopard geckos
  33 orcs
  5 giant cockroaches
  13 goblins
  10 hobgoblins
  4 jackals (D:4)
  5 quokkas
  4 bats
  2 frilled lizards
  26 kobolds
  A leopard gecko zombie (D:5)
  A quokka skeleton (D:5)
  6 rats
244 creatures vanquished.

Notes
Turn   | Place    | Note
-------+----------+-------------------------------------------
     0 | D:1      | Fang the Gargoyle Berserker began the quest for the Orb.
     0 | D:1      | Reached XP level 1. HP: 14/14 MP: 1/1
   149 | D:1      | Reached XP level 2. HP: 19/19 MP: 2/2
   607 | D:2      | Reached XP level 3. HP: 19/23 MP: 3/3
   868 | D:2      | Reached XP level 4. HP: 21/29 MP: 4/4
   871 | D:2      | Reached skill level 4 in Fighting
   902 | D:2      | Found a glowing golden altar of the Shining One.
  1178 | D:2      | Noticed Robin
  1184 | D:2      | Reached ** piety under Trog
  1195 | D:2      | Killed Robin
  1195 | D:2      | Reached XP level 5. HP: 25/33 MP: 5/5
  1964 | D:3      | Found a runed translucent gate.
  1964 | D:3      | Found a runed translucent gate.
  1964 | D:3      | Found a runed translucent gate.
  1966 | D:3      | Noticed Arex's ghost (amateur DrMo)
  2316 | D:3      | Reached XP level 6. HP: 39/39 MP: 6/6
  2625 | D:3      | Killed Arex's ghost
  2776 | D:4      | Reached skill level 5 in Fighting
  2845 | D:4      | Reached *** piety under Trog
  2855 | D:4      | Found a staircase to the Ecumenical Temple.
  2870 | D:4      | Reached XP level 7. HP: 43/44 MP: 7/7
  2884 | Temple   | Entered the Ecumenical Temple
  3380 | D:5      | Entered Level 5 of the Dungeon
  3434 | D:5      | Reached skill level 5 in Armour
  3568 | D:5      | Reached XP level 8. HP: 48/51 MP: 8/8
  4088 | D:6      | Reached skill level 6 in Fighting
  4090 | D:6      | Reached skill level 5 in Axes
  4098 | D:6      | Reached **** piety under Trog
  4632 | D:7      | Reached XP level 9. HP: 42/56 MP: 9/9
  4671 | D:7      | Reached skill level 7 in Fighting
  4763 | D:7      | Reached skill level 5 in Dodging
  4904 | D:7      | Noticed a deep elf mage
  5119 | D:8      | Killed a deep elf mage
  5529 | D:7      | Reached ***** piety under Trog
  5710 | D:7      | Reached skill level 8 in Fighting
  6137 | D:8      | Reached XP level 10. HP: 64/64 MP: 10/10
  6172 | D:8      | Noticed a moth of wrath
  6180 | D:8      | Noticed frimble's ghost (novice GrEE)
  6190 | D:8      | Found a transporter.
  6204 | D:8      | Found a transporter.
  6454 | D:9      | Noticed a two-headed ogre
  6461 | D:9      | Killed a two-headed ogre
  6699 | D:9      | Found a glowing silver altar of Zin.
  6711 | D:9      | Reached skill level 9 in Fighting
  7070 | D:9      | Received a gift from Trog
  7177 | D:10     | Entered Level 10 of the Dungeon
  7307 | D:10     | Killed an unseen horror
  7362 | D:10     | Reached XP level 11. HP: 71/71 MP: 11/11
  7468 | D:10     | Noticed a deep elf mage
  7472 | D:10     | Killed a deep elf mage
  8085 | D:11     | Noticed a manticore
  8104 | D:11     | Killed a manticore
  8104 | D:11     | Reached skill level 10 in Fighting
  8124 | D:11     | HP: 5/108 [orc warrior/+0 glaive (16)]
  8125 | D:11     | HP: 1/108 [orc warrior/+0 glaive (4)]
  8128 | D:11     | Slain by an orc warrior

Skill      XL: |  1  2  3  4  5  6  7  8  9 10 11 |
---------------+----------------------------------+-----
Axes           | 3 4 5 6 8 |  8.3
Dodging        | 2 3 4 5 7 |  7.3
Armour         | 3 4 5 6 7 9 |  9.6
Fighting       | 4 5 6 8 9 10 | 10.0

Action                   |  1- 3 |  4- 6 |  7- 9 | 10-12 || total
-------------------------+-------+-------+-------+-------++-------
Melee: Hand axe          |    97 |   190 |       |       ||   287
       War axe           |       |    53 |   434 |   221 ||   708
Invok: Berserk           |     1 |     3 |     2 |     1 ||     7
       Trog's Hand       |       |     1 |       |       ||     1
  Use: Scroll            |       |       |    19 |     2 ||    21
       Potion            |       |       |       |     3 ||     3
  Eat: Chunk             |       |    11 |    16 |     6 ||    33
       Ration            |       |       |     1 |       ||     1
Armor: Animal skin       |    45 |    81 |       |       ||   126
       Plate armour      |       |    57 |   449 |   220 ||   726
       Skin              |       |       |       |    34 ||    34
Dodge: Dodged            |    69 |   160 |   239 |   100 ||   568
